 Dungeon Crawl Stone Soup version 0.24.0-35-gdb84b6a5db (webtiles) character file.

Game seed: 6416671944271508935, levelgen mode: deterministic

27 Nattfarinn the Bolt Thrower (level 3, 0/22 HPs)
             Began as a Kobold Hunter on Nov 19, 2019.
             Slain by Terence
             ... wielding a +1 falchion of electrocution
              (15 damage)
             ... on level 2 of the Dungeon.
             The game lasted 00:01:28 (927 turns).

Nattfarinn the Bolt Thrower (Kobold Hunter)          Turns: 927, Time: 00:01:28

Health: 0/22       AC:  3    Str: 10    XL:     3   Next: 25%
Magic:  3/3        EV: 14    Int: 12    God:
Gold:   80         SH:  0    Dex: 15    Spells: 2/2 levels left

rFire    . . .     SeeInvis .   a - +1 hand crossbow
rCold    . . .     Gourm    .   (shield restricted)
rNeg     . . .     Faith    .   c - +0 leather armour
rPois    .         Spirit   .   (no helmet)
rElec    .         Reflect  .   (no cloak)
rCorr    .         Harm     .   (no gloves)
MR       .....                  (no boots)
Stlth    +.........             (no amulet)
HPRegen  0.07/turn              (no ring)
MPRegen  0.08/turn              (no ring)

@: heavily drained
A: small, carnivore
a: no special abilities


You were on level 2 of the Dungeon.
You were completely stuffed.

You visited 1 branch of the dungeon, and saw 2 of its levels.

You collected 80 gold pieces.

Inventory:

Hand Weapons
 a - a +1 hand crossbow (weapon)
 b - a +0 short sword
Missiles
 d - 15 bolts (quivered)
Armour
 c - a +0 leather armour (worn)
Jewellery
 j - an uncursed ring of fire {unknown}
Scrolls
 e - a scroll of immolation {unknown}
 g - a scroll of fear {unknown}
 h - 2 scrolls of identify {unknown}
 l - a scroll of noise {unknown}
 o - a scroll of teleportation {unknown}
Potions
 i - a potion of invisibility
 k - a potion of magic {unknown}
 m - a potion of might {unknown}
Comestibles
 f - 2 rations
 n - 4 chunks of flesh


   Skills:
 + Level 2.6(1.2) Fighting
 * Level 5.4(3.9) Crossbows
 + Level 3.0(1.5) Dodging
 - Level 1.3(0.0) Stealth


You had 2 spell levels left.
You didn't know any spells.
Your spell library was empty.

Dungeon Overview and Level Annotations

Branches:
Dungeon (2/15)

Altars:

Annotations:
D:2 Terence


Innate Abilities, Weirdness & Mutations

You are small and have problems with some larger weapons.
You are carnivorous and can eat meat at any time.


Message History

Firing (i - inventory)
d - 18 bolts (quivered)
Press: ? - help, Shift-Dir - straight line, f/p - worm
Aim: a worm (moderately wounded)
You shoot a bolt. The bolt hits the worm!
The worm is almost dead.
Firing (i - inventory)
d - 17 bolts (quivered)
Press: ? - help, Shift-Dir - straight line, f/p - worm
Aim: a worm (almost dead)
You shoot a bolt.
The bolt hits the worm but does no damage.
The worm is almost dead.
Firing (i - inventory)
d - 16 bolts (quivered)
Press: ? - help, Shift-Dir - straight line, f/p - worm
Aim: a worm (severely wounded)
You shoot a bolt. The bolt hits the worm.
You kill the worm!
Your base Dodging skill increases to level 3!
Something hits you!
You are electrocuted!
Ouch! That really hurt!
You die...

#. #(# #.####.####(#
#..#.....##(#
####.........#(#
#..............#
##..#...........#
...##..........#
#..#..........#
#......@.....#
##.<........##
##...........####
P..#...............#
≈P..................#
≈P....#........(.....#
P..⌠.###..)..........#
.....#...............#
......^...##.........#


There were no monsters in sight!

Vanquished Creatures
  A worm (D:2)
  A dart slug (D:1)
  A leopard gecko (D:2)
  A goblin (D:1)
  8 hobgoblins
  A ball python (D:1)
  A bat (D:1)
  3 frilled lizards (D:1)
  A kobold (D:1)
  3 rats (D:1)
21 creatures vanquished.

Notes
Turn   | Place    | Note
-------+----------+-------------------------------------------
     0 | D:1      | Nattfarinn the Kobold Hunter began the quest for the Orb.
     0 | D:1      | Reached XP level 1. HP: 12/12 MP: 1/1
    77 | D:1      | Reached skill level 5 in Crossbows
   194 | D:1      | Reached XP level 2. HP: 16/18 MP: 2/2
   832 | D:1      | Reached XP level 3. HP: 21/22 MP: 3/3
   915 | D:2      | Noticed Terence
   927 | D:2      | Slain by Terence

Levels and vault maps discovered:
D:1:      psy_arrival_radial02, layout_loops_ring
D:2:      layout_rooms, tso_oasis_becter, uniq_robin, uniq_terence

Skill      XL: |  1  2  3 |
---------------+----------+-----
Crossbows      | 5 |  5.4
Dodging        | 3 |  3.0
Fighting       | |  2.6
Stealth        | |  1.3

Action                   || total
-------------------------++-------
Melee: Short sword       ||    63
 Fire: Hand crossbow     ||     5
 Stab: Sleeping          ||     1
  Eat: Chunk             ||     8
Armor: Leather armour    ||     6
Dodge: Dodged            ||    42
